 Dungeon Crawl Stone Soup version 0.25.0-26-g0c896c7088 (webtiles) character file.

Game seed: 773773559132450507

15081 Exodus22XD the Party-goer (level 11, -4/83 HPs)
             Began as a Demonspawn Gladiator on July 4, 2020.
             Was a Follower of Uskayaw.
             Slain by Rupert
             ... wielding a +6 great mace of protection
              (20 damage)
             ... on level 4 of the Lair of Beasts.
             The game lasted 00:20:02 (14419 turns).

Exodus22XD the Party-goer (Demonspawn Gladiator)   Turns: 14419, Time: 00:20:03

Health: -4/83      AC: 20    Str: 17    XL:     11   Next: 97%
Magic:  18/18      EV: 12    Int:  9    God:    Uskayaw [*.....]
Gold:   816        SH:  5    Dex: 19    Spells: 10/10 levels left

rFire    x . .     SeeInvis .   a - +2 trident (flame)
rCold    + . .     Gourm    .   (no shield)
rNeg     . . .     Faith    .   v - +0 scale mail
rPois    .         Spirit   .   R - +2 helmet
rElec    .         Reflect  +   (no cloak)
rCorr    .         Harm     .   A - +2 pair of gloves {Dex+3}
MR       .....                  (boots unavailable)
Stlth    ++........             b - amulet of reflection
HPRegen  0.23/turn              (no ring)
MPRegen  0.16/turn              Q - ring of ice

@: sanguine armour, very slightly contaminated
A: hooves 3, demonic guardian 1, rot immunity, sanguine armour 1
a: Stomp, Renounce Religion


You were on level 4 of the Lair of Beasts.
You worshipped Uskayaw.
Uskayaw was aware of your devotion.
You were not hungry.

You visited 3 branches of the dungeon, and saw 15 of its levels.
You also visited: Sewer.

You collected 816 gold pieces.

Inventory:

Hand Weapons
 a - a +2 trident of flaming (weapon)
 u - a +1 vorpal war axe
 G - the +5 hand axe of Axax {venom, rC+ Str+2 SInv}
   (You found it on level 6 of the Dungeon)

   It poisons the flesh of those it strikes.
   It affects your strength (+2).
   It protects you from cold.
   It lets you see invisible.
 J - the +2 battleaxe "Alyofiq" {vorpal, rPois MR+ Dex+4}
   (You found it on level 4 of the Lair of Beasts)

   It inflicts extra damage upon your enemies.
   It affects your dexterity (+4).
   It protects you from poison.
   It affects your resistance to hostile enchantments.
Missiles
 d - 5 throwing nets (quivered)
Armour
 i - a +1 hat
 v - a +0 scale mail (worn)
 A - a +2 pair of gloves of dexterity (worn)
 R - a +2 helmet (worn)
Jewellery
 b - an amulet of reflection (around neck)
 n - an uncursed ring of poison resistance
 x - a +4 ring of protection
 B - an uncursed ring of ice
 Q - a ring of ice (right hand)
 S - an uncursed amulet of the acrobat
Wands
 y - a wand of disintegration (12)
 F - a wand of polymorph (37)
 K - a wand of enslavement (3)
 L - a wand of paralysis (9)
 N - a wand of flame (33)
Scrolls
 c - 4 scrolls of teleportation
 g - 4 scrolls of immolation
 l - 5 scrolls of magic mapping
 o - 4 scrolls of amnesia
 q - a scroll of fear
 r - 6 scrolls of remove curse
 t - 2 scrolls of enchant armour
 H - a scroll of enchant weapon
Potions
 e - 2 potions of berserk rage {unknown}
 h - a potion of resistance
 j - a potion of haste
 k - a potion of stabbing
 m - 3 potions of flight
 p - 11 potions of curing
 s - 4 potions of brilliance
 w - 2 potions of invisibility
 z - 3 potions of lignification {unknown}
 C - a potion of cancellation {unknown}
 I - a potion of mutation {unknown}
 M - a potion of might {unknown}
 P - a potion of heal wounds {unknown}
Comestibles
 f - 23 rations


   Skills:
 + Level 6.5 Fighting
 + Level 9.1(10.2) Axes
 - Level 7.5(9.5) Polearms
 - Level 1.7 Throwing
 + Level 6.6 Armour
 + Level 4.5 Dodging
 + Level 7.1 Stealth
 * Level 10.5 Invocations


You had 10 spell levels left.
You didn't know any spells.
Your spell library contained the following spells:

 Spells                   Type           Power        Failure   Level  Hunger
 Animate Skeleton         Necr           N/A          77%         1    ##.....
 Apportation              Tloc           #.....       77%         1    ##.....
 Corona                   Hex            #......      77%         1    ##.....
 Summon Small Mammal      Summ           #...         77%         1    ##.....
 Confusing Touch          Hex            #.......     98%         3    ####...
 Gell's Gravitas          Tloc           #.........   98%         3    ####...
 Petrify                  Tmut/Erth      #.......     100%        4    #####..
 Metabolic Englaciation   Hex/Ice        #.........   100%        5    ######.
 Yara's Violent Unravell  Hex/Tmut       #.........   100%        5    ######.


Dungeon Overview and Level Annotations

Branches:
Dungeon (10/15)            Temple (1/1) D:4            Lair (4/6) D:10
  Swamp (0/4) Lair:2        Sewer (visited)
  Snake: Lair:2-4    Spider: Lair:2-4       Orc: D:9-12

Altars:
Ashenzari
Cheibriados
Dithmenos
Elyvilon
Fedhas
Gozag
Hepliaklqana
Kikubaaqudgha
Makhleb
Nemelex Xobeh
Okawaru
Qazlal
Ru
Sif Muna
Trog
Uskayaw
Vehumet
Wu Jian
Xom
Yredelemnul
Zin
The Shining One

Shops:
D:9 }

Annotations:
D:5 Menkaure
D:6 3 runed translucent doors, DungeonDestroyer's ghost, novice GnFi; brob1's ghost, novice DrTm; kelmiir's ghost, novice GrFi; releu's ghost, amateur MfSu; walterwhite's ghost, novice MfGl
Lair:4 Rupert


Innate Abilities, Weirdness & Mutations

You have hooves in place of feet.
A weak demonic guardian rushes to your aid.
You are immune to rotting.
When seriously injured, your bleeding wounds create armour. (AC +6)


Message History

Your iron imp disappears in a puff of smoke!
Rupert roars madly and goes into a rage!
Rupert goes berserk!
Your extra speed is starting to run out.
You flicker back into view.
Rupert rages.
You feel yourself slow down.
Your white imp gestures at Rupert.
The puff of frost hits Rupert.
Rupert hits your ufetubus with a +6 great mace of protection!!
Your ufetubus dies!
The steam dragon hisses angrily.
Your white imp gestures at Rupert.
The puff of frost hits Rupert.
Your white imp hits Rupert but does no damage.
Rupert hits your white imp with a +6 great mace of protection!!
Your white imp dies!
Rupert closely misses you.
Rupert hits you with a +6 great mace of protection!!
You die...

#.§## #≈ #....## ###......
###...### ≈##.....####........
§§#....§## ##≈#.....P#..........
§§..§§...####≈.#.................
....§≈§.≈.##.................##.#
....§8§....≈.................####
....[§..............#..#.....####
...##..............<..#.#.......#
........[.......@@.........#PP.##
.....##...................######
.......#[.........5D.......#####
...............................##
................................#
................................#
.................................
.................................
.................................


You could see Rupert (berserk), a steam dragon and a friendly ufetubus
(summoned).

Vanquished Creatures
  3 lindwurms
  5 spiny frogs
  A komodo dragon (Lair:3)
  10 rime drakes
  A troll (D:10)
  2 blink frogs (Lair:2)
  3 hippogriffs
  A bog body (Lair:2)
  A wraith (D:10)
  Sigmund (D:5)
  12 yaks
  2 wyverns
  9 steam dragons (Lair:4)
  7 water moccasins
  3 porcupines
  2 sky beasts (D:9)
  An ice beast (D:10)
  3 orc warriors
  2 ogres
  A phantom (D:9)
  2 necrophages
  3 centaurs
  2 crocodiles
  A big kobold (D:8)
  9 bullfrogs
  2 scorpions (D:7)
  4 killer bees (D:8)
  A water moccasin skeleton (D:6)
  3 howler monkeys
  5 crimson imps
  A bullfrog zombie (D:3)
  4 hounds
  2 orc wizards (D:10)
  5 orc priests
  2 jellies
  4 bullfrog skeletons
  2 iguanas
  7 worker ants
  2 hound zombies
  A hound skeleton (D:5)
  A worker ant zombie (D:6)
  A howler monkey skeleton (D:8)
  11 adders
  A shadow imp (D:9)
  An ooze (D:6)
  A worm (D:6)
  3 dart slugs
  5 leopard geckos
  12 orcs
  A ball python (D:6)
  12 giant cockroaches
  8 goblins
  4 hobgoblins
  14 jackals
  12 kobolds
  2 quokkas
  2 bats
  13 frilled lizards
  7 rats
  A plant (Lair:4)
244 creatures vanquished.

Vanquished Creatures (collateral kills)
  A komodo dragon (Lair:2)
  A blink frog (Lair:2)
  A bog body (Lair:2)
  A hippogriff (D:8)
  2 steam dragons (Lair:4)
  A centaur (D:8)
  A big kobold (D:7)
  Blork the orc (D:5)
  4 bullfrogs
  A crimson imp (D:7)
  A hound skeleton (D:6)
  A howler monkey skeleton (D:4)
  2 orcs
  A giant cockroach (D:3)
  A hobgoblin (D:3)
  2 jackals (D:5)
  A frilled lizard (D:3)
  A kobold (D:3)
24 creatures vanquished.

Vanquished Creatures (others)
  A frilled lizard (D:1)
1 creature vanquished.

Grand Total: 269 creatures vanquished

Notes
Turn   | Place    | Note
-------+----------+-------------------------------------------
     0 | D:1      | Exodus22XD the Demonspawn Gladiator began the quest for the
                  | Orb.
     0 | D:1      | Reached XP level 1. HP: 16/16 MP: 1/1
   489 | D:1      | Gained mutation: You have large cloven feet. [demonic
                  | ancestry]
   489 | D:1      | Reached XP level 2. HP: 22/22 MP: 2/2
  1084 | D:2      | Found a glowing silver altar of Zin.
  1094 | D:2      | Noticed an angel
  1095 | D:2      | Found a shimmering altar of Xom.
  1126 | D:2      | Gained mutation: A weak demonic guardian rushes to your
                  | aid. [demonic ancestry]
  1126 | D:2      | Reached XP level 3. HP: 22/28 MP: 3/3
  1717 | D:3      | Gained mutation: You have hoof-like feet. [demonic
                  | ancestry]
  1717 | D:3      | Reached XP level 4. HP: 9/34 MP: 4/4
  1961 | D:3      | Reached skill level 1 in Armour
  2193 | D:3      | Found an opulent altar of Gozag.
  2439 | D:3      | Found a sparkling altar of Nemelex Xobeh.
  2724 | D:4      | Found a staircase to the Ecumenical Temple.
  2875 | Temple   | Entered the Ecumenical Temple
  2924 | Temple   | Became a worshipper of Uskayaw the Reveler
  3081 | D:4      | Reached * piety under Uskayaw
  3084 | D:4      | Reached XP level 5. HP: 40/40 MP: 5/5
  3084 | D:4      | Reached ** piety under Uskayaw
  3514 | D:5      | Entered Level 5 of the Dungeon
  3555 | D:5      | Reached skill level 1 in Invocations
  3638 | D:5      | Reached *** piety under Uskayaw
  3644 | D:5      | Reached **** piety under Uskayaw
  3709 | D:5      | Found a blossoming altar of Fedhas.
  3751 | D:5      | Noticed Blork the orc
  3760 | D:5      | Killed Blork the orc
  3760 | D:5      | Gained mutation: When seriously injured, your bleeding
                  | wounds create armour. (AC +6) [demonic ancestry]
  3760 | D:5      | Reached XP level 6. HP: 43/47 MP: 7/7
  4014 | D:5      | Reached skill level 2 in Invocations
  4198 | D:5      | Found a sacrificial altar of Ru.
  4266 | D:5      | Reached skill level 5 in Polearms
  4384 | D:5      | Noticed Menkaure
  4526 | D:5      | Noticed Sigmund
  4533 | D:5      | Killed Sigmund
  4533 | D:5      | Reached skill level 3 in Invocations
  4533 | D:5      | Gained mutation: You are immune to rotting. [demonic
                  | ancestry]
  4533 | D:5      | Reached XP level 7. HP: 49/52 MP: 9/9
  4582 | D:5      | Reached skill level 1 in Stealth
  4625 | D:6      | Found a shadowy altar of Dithmenos.
  4625 | D:6      | Found a shattered altar of Ashenzari.
  4625 | D:6      | Found a burning altar of Makhleb.
  4625 | D:6      | Found a blossoming altar of Fedhas.
  4817 | D:6      | Got a brightly glowing hand axe
  4818 | D:6      | Identified the +5 hand axe of Axax {venom, rC+ Str+2 SInv}
                  | (You found it on level 6 of the Dungeon)
  4853 | D:6      | Reached skill level 4 in Invocations
  4881 | D:6      | Found a glowing drain.
  4891 | Sewer    | Entered a sewer
  5215 | Sewer    | Reached skill level 1 in Axes
  5218 | Sewer    | Reached XP level 8. HP: 49/60 MP: 11/11
  5743 | D:6      | Found a bloodstained altar of Trog.
  5743 | D:6      | Found a glowing golden altar of the Shining One.
  5852 | D:6      | Found a runed translucent gate.
  5852 | D:6      | Found a runed translucent gate.
  5852 | D:6      | Found a runed translucent gate.
  5860 | D:6      | Noticed releu's ghost (amateur MfSu)
  5860 | D:6      | Noticed brob1's ghost (novice DrTm)
  5861 | D:6      | Noticed kelmiir's ghost (novice GrFi)
  5861 | D:6      | Noticed walterwhite's ghost (novice MfGl)
  5861 | D:6      | Noticed DungeonDestroyer's ghost (novice GnFi)
  6034 | D:7      | Found a shadowy altar of Dithmenos.
  6040 | D:7      | Reached skill level 5 in Invocations
  6044 | D:7      | Reached ***** piety under Uskayaw
  6078 | D:7      | You fall into a shaft and drop 2 floors!
  6202 | D:9      | Found Dyohot's Gadget Shoppe.
  6436 | D:9      | Reached skill level 6 in Invocations
  6443 | D:9      | Reached XP level 9. HP: 66/66 MP: 13/13
  7034 | D:8      | Reached skill level 5 in Axes
  7250 | D:8      | Reached skill level 7 in Invocations
  7250 | D:8      | Reached skill level 5 in Fighting
  8058 | D:10     | Entered Level 10 of the Dungeon
  8175 | D:10     | Found a staircase to the Lair.
  8478 | D:10     | Gained mutation: You have hooves in place of feet. [demonic
                  | ancestry]
  8478 | D:10     | Reached XP level 10. HP: 51/74 MP: 15/15
  8793 | D:10     | Reached skill level 8 in Invocations
  9045 | Lair:1   | Entered Level 1 of the Lair of Beasts
  9212 | Lair:1   | Reached skill level 5 in Armour
  9256 | Lair:1   | Noticed a spiny frog
  9263 | Lair:1   | Killed a spiny frog
  9263 | Lair:1   | Reached skill level 5 in Stealth
 10137 | Lair:2   | Noticed a spiny frog
 10148 | Lair:2   | Killed a spiny frog
 10263 | Lair:2   | Found a staircase to the Swamp.
 10640 | Lair:2   | Noticed a spiny frog
 10648 | Lair:2   | Killed a spiny frog
 11274 | Lair:3   | Reached skill level 9 in Invocations
 11602 | Lair:3   | Reached XP level 11. HP: 77/81 MP: 17/17
 12249 | Lair:3   | Noticed a lindwurm
 12258 | Lair:3   | Killed a lindwurm
 12911 | Lair:4   | Got an iridescent battleaxe
 12912 | Lair:4   | Identified the cursed +2 battleaxe "Alyofiq" {vorpal, rPois
                  | MR+ Dex+4} (You found it on level 4 of the Lair of Beasts)
 13246 | Lair:4   | Noticed Rupert
 13479 | Lair:4   | Noticed a lindwurm
 13492 | Lair:4   | Reached skill level 10 in Invocations
 13501 | Lair:4   | Killed a lindwurm
 13503 | Lair:4   | Reached ****** piety under Uskayaw
 13505 | Lair:4   | Noticed a lindwurm
 13522 | Lair:4   | Killed a lindwurm
 14342 | Lair:4   | Paralysed by Rupert for 6 turns
 14419 | Lair:4   | Slain by Rupert

Illustrated notes

Levels and vault maps discovered:
D:1:      lightli_arrival_lavapool, layout_loops_ring, lemuel_flame_loot_1
D:2:      layout_basic, grunt_temple_overflow_order_and_chaos_1,
          chequers_serial_rivers_small_a
D:3:      layout_loops_ring, old_standard_altar, lemuel_tele_altar
D:4:      layout_loops_ring, temple_doors_cd, hex_large
D:5:      layout_gridville, nicolae_overflow_hidden_temple, first_ration,
          basic_altar, uniq_sigmund, uniq_menkaure, uniq_blork_the_orc
D:6:      layout_basic, grunt_temple_overflow_open,
          gammafunk_temple_overflow_wave, gammafunk_ghost_cemetery,
          portal_sewer_entry_e
D:7:      layout_rooms, grunt_dithmenos_smoke_and_mirrors
D:8:      layout_gridville
D:9:      layout_loops_ring, serial_shops, shop
D:10:     layout_roguey, lair_entry_dummy
Temple:   minmay_temple_bridge_abc
Lair:1:   layout_regular_city
Lair:2:   layout_regular_city, skrybe_swamp_entry_bodies
Lair:3:   layout_cave_pods, beast_lair_carwin_4, grunt_megastairs_3,
          serial_bayou_shore_b
Lair:4:   layout_cave_shapes, nicolae_spider_entry_non_spiders,
          bobbens_dragon_lair_wall, uniq_rupert

Skill      XL: |  1  2  3  4  5  6  7  8  9 10 11 |
---------------+----------------------------------+-----
Dodging        | 3 4 |  4.5
Polearms       | 3 4 5 6 7 |  7.5
Armour         | 1 2 3 4 5 6 |  6.6
Invocations    | 1 3 4 6 7 9 10 | 10.5
Fighting       | 3 4 5 6 |  6.5
Stealth        | 1 3 4 5 7 |  7.1
Axes           | 1 4 6 7 9 |  9.1
Throwing       | |  1.7

Action                   |  1- 3 |  4- 6 |  7- 9 | 10-12 || total
-------------------------+-------+-------+-------+-------++-------
Melee: Trident           |    78 |   149 |    40 |    23 ||   290
       Kick              |     9 |    35 |    87 |   104 ||   235
       Hand axe          |       |       |   239 |   256 ||   495
Invok: Stomp             |       |       |       |     1 ||     1
  Use: Scroll            |       |       |    14 |    11 ||    25
       Potion            |       |       |       |     5 ||     5
 Stab: Paralysed         |       |     1 |    19 |    14 ||    34
       Distracted        |       |       |     7 |     4 ||    11
       Invisible         |       |       |       |    12 ||    12
  Eat: Chunk             |     2 |     9 |    10 |    15 ||    36
       Ration            |       |       |     1 |     1 ||     2
Armor: Leather armour    |    18 |     4 |       |       ||    22
       Scale mail        |       |    33 |   109 |    77 ||   219
Dodge: Dodged            |    32 |    56 |   159 |   111 ||   358
Block: Other             |       |     1 |    61 |    44 ||   106
       Reflection        |       |       |     2 |       ||     2
